AoeStats
← jessewald9

Golden Pit

509778264Analyzed
1v1 RM · 4d ago on Sep 28, 2026· 38m 47s· 2 players
Game mode
Random Map
Map size
Tiny (2 player)
Population
200
Speed
Normal
Resources
Standard
Victory
Conquest
Starting age
Dark Age
Ending age
Imperial Age
RankedLock teamsTeams togetherTeam positionsShared explorationLock speedFull tech treeHidden civsTurbo modeCheats
Victory
Defeat
🇨🇦 Spanish · Canada
971
+16
🇨🇦 Saxons · Canada
977
-16
CaptainToole600
4:20 Loom
11:00 Feudal Age
11:26 Double-Bit Axe
11:23 Horse Collar
18:14 Castle Age
17:41 Scale Barding Armor
17:51 Bloodlines
19:33 Chain Barding Armor
33:09 Imperial Age
jessewald9
10:12 Feudal Age
8:38 Loom
14:03 Castle Age
24:58 Fletching
25:44 Double-Bit Axe
25:58 Bodkin Arrow
35:30 Imperial Age
Connection lost

Rejoining the realm…

Still unreachable

The connection could not be restored.

Session expired

The server has moved on; the page needs a fresh start.